 Dungeon Crawl Stone Soup version 0.28.0 (webtiles) character file.

Game seed: 17296849667738539737

25 croobank the Charlatan (level 3, -1/23 HPs)
             Began as an Octopode Artificer on Feb 14, 2022.
             Was a Plaything of Xom.
             Slain by an adder (3 damage)
             ... on level 2 of the Dungeon.
             The game lasted 00:03:02 (1071 turns).

croobank the Charlatan (Octopode Artificer)         Turns: 1071, Time: 00:03:02

Health: -1/23      AC:  1    Str: 11    XL:     3   Next: 4%
Magic:  1/3        EV: 13    Int: 15    God:    Xom [..*...]
Gold:   13         SH:  0    Dex: 12    Spells: 1/2 levels left

rFire   . . .      SeeInvis .   l - +0 war axe
rCold   . . .      Faith    .   (no shield)
rNeg    . . .      Spirit   .   (helmet currently unavailable)
rPois   .          Reflect  .   (no amulet)
rElec   .          Harm     .   (no ring)
rCorr   .          Rampage  .   (no ring)
Will    .....                   (no ring)
Stlth   +++.......              (no ring)
HPRegen 0.07/turn               (no ring)
MPRegen 0.08/turn               (no ring)
                                (no ring)
                                (no ring)

@: appendages (expiring)
A: tentacle spike 3, almost no armour, amphibious, 8 rings, camouflage 1,
gelatinous body 1, (nimble swimmer 1), tentacles
a: End Transformation, Renounce Religion


You were on level 2 of the Dungeon.
You worshipped Xom.
You were a toy of Xom.
One of your tentacles had grown a beastly spike.
You visited 1 branch of the dungeon, and saw 2 of its levels.

You collected 13 gold pieces.

Inventory:

Hand Weapons
 a - a +0 club
 g - a +0 spear
 j - a +0 hunting sling
 l - a +0 war axe (weapon)
Missiles
 f - 31 stones
 k - 19 arrows
Wands
 b - a wand of flame (15) (quivered)
 c - a wand of charming (15)
Scrolls
 e - a scroll of identify {unknown}
 h - a scroll of fear {unknown}
Potions
 i - 2 potions of might {unknown}
Miscellaneous
 d - a piece from Xom's chessboard (15/15)


   Skills:
 + Level 1.5 Fighting
 + Level 2.7 Dodging
 + Level 2.3 Stealth
 + Level 3.6 Evocations


You had one spell level left.
You knew the following spells:

 Your Spells              Type           Power      Damage    Failure   Level
a - Beastly Appendage     Tmut           0%         N/A       26%         1

Your spell library contained the following spells:

 Spells                   Type           Power      Damage    Failure   Level
 Wereblood                Tmut           0%         N/A       38%         2
 Spider Form              Tmut/Pois      0%         N/A       63%         3


Dungeon Overview and Level Annotations

Branches:
Dungeon (2/15)

Altars:
Sif Muna
Xom


Innate Abilities, Weirdness & Mutations

One of your tentacles has grown a beastly spike.
You cannot wear most types of armour.
You are amphibious.
You can wear up to eight rings at the same time.
Your skin changes colour to match your surroundings (Stealth+).
Your rubbery body absorbs attacks. (AC +1, EV +1)
((You are camouflaged when in or above water. (Stealth+)))
You have tentacles for arms and can constrict up to eight enemies at once.


Message History

Things that are here:
a +0 club; a goblin corpse The adder bites you.
You are poisoned.
The adder poisons you!
You miss the adder.
The ball python hisses angrily.
Your grab misses the adder.
You feel very sick. The adder closely misses you.
The adder bites you but does no damage.
You hit the adder. Your grab misses the adder.
The adder is moderately wounded.
You feel sick. The adder bites you. The adder closely misses you.
You closely miss the adder. Your grab misses the adder.
The adder is moderately wounded.
You feel sick. The adder misses you. The adder bites you.
You feel sick. The ball python bites you. The ball python closely misses you.
The adder barely misses you.
Things that are here:
a +0 club; a goblin corpse You feel sick.
You are no longer poisoned.
You barely miss the ball python. You grab the ball python.
You pierce the ball python.
You kill the ball python!
Your tentacle spike disappears.
The adder completely misses you.
You barely miss the adder. Your grab misses the adder.
The adder is moderately wounded.
The adder barely misses you. The adder bites you.
* * * LOW HITPOINT WARNING * * *
Casting: Beastly Appendage (safe; 26% risk of failure)
Confirm with . or Enter, or press ? or * to list all spells.
One of your tentacles grows a vicious spike.
The adder bites you.
* * * LOW HITPOINT WARNING * * *
You hit the adder but do no damage. You grab the adder.
The adder is moderately wounded.
You constrict the adder. The adder bites you.
You die...

#.................#
#.#####.............
##.## #..###..##.#..#
##...####..# #..##.####
.........†.# #..##.# ###
##...####..###..##.##...#
##.###...............#
#........###..##....#
#........# #..@S..###
#........# #.###....#
#...._...###.###.##.#
#.....................
###......##########....
........# #.# #####..#.#
.# #..#.# #...#.#


You could see an adder.

Vanquished Creatures
  A dart slug (D:2)
  3 ball pythons
  2 endoplasms (D:1)
  A giant cockroach (D:1)
  2 goblins
  3 hobgoblins (D:1)
  A quokka (D:1)
  2 bats (D:1)
  A frilled lizard (D:2)
  3 kobolds
  A rat (D:2)
20 creatures vanquished.

Notes
Turn   | Place    | Note
-------+----------+-------------------------------------------
     0 | D:1      | croobank the Octopode Artificer began the quest for the
                  | Orb.
     0 | D:1      | Reached XP level 1. HP: 13/13 MP: 1/1
   330 | D:1      | Reached XP level 2. HP: 3/18 MP: 2/2
   802 | D:1      | Found a faded altar of an unknown god.
   834 | D:1      | Prayed at the altar of an unknown god.
   834 | D:1      | Became a worshipper of Xom of Bone-Dry Humour
   899 | D:2      | Found a shimmering blue altar of Sif Muna.
   908 | D:2      | Learned a level 1 spell: Beastly Appendage
  1051 | D:2      | Reached XP level 3. HP: 23/23 MP: 1/3
  1071 | D:2      | Slain by an adder

Illustrated notes

Levels and vault maps discovered:
D:1:      dpeg_cavernosity, layout_basic, hellmonk_ecumenical_altar_lost_god,
          minmay_tripent
D:2:      layout_loops_ring, basic_altar

Skill      XL: |  1  2 |
---------------+-------+-----
Stealth        | 2 |  2.3
Fighting       | |  1.5
Dodging        | |  2.7
Evocations     | |  3.6

Action                   || total
-------------------------++-------
Melee: Club              ||    15
       Tentacles         ||     7
       Constrict         ||    12
       Spear             ||    23
       Kick              ||     4
       War axe           ||     7
 Cast: Beastly Appendage ||     6
 Stab: Sleeping          ||     4
Armor: Skin              ||     3
Dodge: Dodged            ||    26
